AoeStats
← Morty

Nomad

509716245Analyzed
4v4 RM · 3d ago on Sep 27, 2026· 44m 26s· 8 players
Game mode
Random Map
Map size
231×231
Population
200
Speed
Normal
Resources
Standard
Victory
Conquest
Starting age
Dark Age
Ending age
Imperial Age
RankedLock teamsTeams togetherTeam positionsShared explorationLock speedFull tech treeHidden civsTurbo modeCheats
Victory
Defeat
🇨🇳 Goths · China
916
+15
🇲🇽 Gurjaras · Mexico
881
+16
🇲🇽 Sicilians · Mexico
877
+17
🇮🇹 Japanese · Italy
869
+17
🇫🇷 Malay · France
937
-18
🇺🇸 Turks · United States
905
-17
🇫🇷 Lithuanians · France
904
-17
🇫🇷 Bulgarians · France
820
-13
Velox_M_B
4:28 Loom
17:34 Feudal Age
18:13 Double-Bit Axe
18:36 Gold Mining
18:40 Stone Mining
19:49 Fishing Lines
28:04 Castle Age
26:51 Fletching
28:05 Arson
29:37 Wheelbarrow
28:33 Pikeman
29:36 Bow Saw
29:20 Gillnets
29:25 Horse Collar
30:26 Gold Shaft Mining
29:53 Squires
33:03 Medium Warships
33:26 Husbandry
33:49 Bodkin Arrow
37:19 Town Watch
37:53 Hand Cart
37:56 Forging
37:47 Scale Mail Armor
38:11 Heavy Plow
42:14 Imperial Age
39:55 Padded Archer Armor
42:16 Light Cavalry
43:09 Bloodlines
43:38 Iron Casting
44:59 Conscription
44:01 Elite Samurai
Troliyah
10:07 Loom
15:14 Feudal Age
22:36 Fishing Lines
28:43 Castle Age
29:24 Horse Collar
29:40 Stone Mining
29:41 Gold Mining
33:00 Wheelbarrow
34:16 Heavy Plow
34:23 Double-Bit Axe
ERIKXG20
13:26 Loom
16:00 Feudal Age
18:35 Fishing Lines
19:39 Stone Mining
21:41 Forging
23:56 Castle Age
22:29 Gold Mining
25:38 Wheelbarrow
25:55 Scale Barding Armor
25:52 Husbandry
27:30 Iron Casting
27:40 Double-Bit Axe
30:18 Chain Barding Armor
29:44 Horse Collar
30:18 Bow Saw
34:52 Bloodlines
35:39 Heavy Plow
38:31 Imperial Age
36:44 Treadmill Crane
38:39 Heavy Camel Rider
40:46 Plate Barding Armor
41:07 Frontier Guards
42:51 Herbal Medicine
43:30 Fletching
45:18 Hand Cart
Wololo
3:26 Loom
13:23 Feudal Age
15:58 Fishing Lines
21:37 Castle Age
19:48 Stone Mining
20:31 Gold Mining
21:32 Double-Bit Axe
24:18 Bow Saw
25:28 Horse Collar
26:51 Forging
26:41 Scale Mail Armor
26:58 Squires
29:57 Imperial Age
29:59 Chain Mail Armor
31:13 Pikeman
34:16 Iron Casting
36:16 Heavy Plow
37:59 Two-Man Saw
38:37 Blast Furnace
39:20 Conscription
39:49 Anarchy
Morty
11:13 Loom
13:21 Feudal Age
19:24 Castle Age
20:12 Stone Mining
20:39 Double-Bit Axe
22:47 Bow Saw
28:07 Pikeman
29:44 Gold Mining
34:43 Scale Barding Armor
42:53 Squires
Tanguy
18:01 Feudal Age
18:47 Double-Bit Axe
19:37 Fishing Lines
21:49 Wheelbarrow
22:11 Horse Collar
24:22 Gold Mining
26:55 Castle Age
25:55 Bloodlines
26:32 Scale Barding Armor
26:39 Forging
27:06 Stone Mining
28:06 Heavy Plow
28:21 Bow Saw
27:35 Pikeman
28:16 Squires
28:44 Chain Barding Armor
29:01 Iron Casting
28:28 Scale Mail Armor
29:02 Gillnets
29:17 Husbandry
30:12 Ballistics
33:28 Clinker Construction
33:56 Chain Mail Armor
36:45 Hand Cart
37:27 Stone Shaft Mining
37:28 Gold Shaft Mining
46:20 Imperial Age
laduve71
15:21 Feudal Age
13:48 Loom
16:01 Double-Bit Axe
20:34 Wheelbarrow
22:40 Castle Age
21:07 Gold Mining
22:02 Bloodlines
23:41 Bow Saw
25:57 Wheelbarrow
26:03 Wheelbarrow
-ET-85-
5:15 Loom
5:44 Loom
6:57 Loom
15:55 Feudal Age
20:50 Castle Age
21:05 Crossbowman
22:04 Fletching
22:14 Padded Archer Armor
22:24 Thumb Ring
23:42 Fishing Lines
26:09 Wheelbarrow
27:09 Leather Archer Armor
30:02 Man-at-Arms
30:54 Long Swordsman
34:26 Forging
38:07 Iron Casting
Connection lost

Rejoining the realm…

Still unreachable

The connection could not be restored.

Session expired

The server has moved on; the page needs a fresh start.